 Dungeon Crawl Stone Soup version 0.21.1-1-g345015f (webtiles) character file.

66 Mirai the Skirmisher (level 3, -2/29 HPs)
             Began as a Demonspawn Fighter on Mar 10, 2018.
             Slain by a gnoll
             ... wielding a +0 spear
              (3 damage)
             ... on level 3 of the Dungeon on Mar 11, 2018.
             The game lasted 00:04:35 (1997 turns).

Mirai the Skirmisher (Demonspawn Fighter)           Turns: 1997, Time: 00:04:36

Health: -2/29      AC: 11    Str: 22    XL:     3   Next: 96%
Magic:  3/3        EV:  4    Int: 14    God:
Gold:   158        SH:  9    Dex: 12    Spells: 2/2 levels left

rFire    . . .     SeeInvis .   a - +0 war axe
rCold    . . .     Gourm    .   c - +0 shield
rNeg     . . .     Faith    .   s - +0 plate armour
rPois    .         Spirit   .   (no helmet)
rElec    .         Reflect  .   (no cloak)
rCorr    .         Harm     .   (no gloves)
MR       .....                  (no boots)
Stlth    ..........             g - amulet of magic regeneration
HPRegen  0.09/turn              q - +5 ring of intelligence
MPRegen  0.33/turn              (no ring)

@: mighty
A: demonic guardian 1, nightstalker 1
a: no special abilities


You were on level 3 of the Dungeon.
You were not hungry.

You visited 1 branch of the dungeon, and saw 3 of its levels.

You collected 158 gold pieces.

Inventory:

Hand Weapons
 a - a +0 war axe (weapon)
Armour
 b - a +0 scale mail
 c - a +0 shield (worn)
 s - a +0 plate armour (worn)
Jewellery
 g - an amulet of magic regeneration (around neck)
 q - a +5 ring of intelligence (left hand)
Scrolls
 e - a scroll of magic mapping {unknown}
 h - a scroll of enchant armour {unknown}
 i - 2 scrolls of teleportation {unknown}
 l - a scroll of noise {unknown}
 n - 2 scrolls of identify {unknown}
 p - a scroll of blinking {unknown}
 u - 2 scrolls of remove curse {unknown}
Potions
 j - a potion of agility {unknown}
 k - a potion of heal wounds {unknown}
 m - a potion of invisibility {unknown}
 o - a potion of mutation {unknown}
 t - a potion of haste {unknown}
Comestibles
 f - 9 rations
 r - 5 chunks of flesh


   Skills:
 + Level 3.3 Fighting
 + Level 2.8 Axes
 + Level 3.1 Armour
 * Level 1.2 Dodging
 - Level 2.6 Shields


You had 2 spell levels left.
You didn't know any spells.

Dungeon Overview and Level Annotations

Branches:
Dungeon (3/15)

Altars:
Ashenzari
Fedhas
Vehumet
Yredelemnul


Innate Abilities, Weirdness & Mutations

A weak demonic guardian rushes to your aid.
You are slightly more attuned to the shadows.


Message History

Your shield and plate armour prevent you from hitting the gnoll. x2
The gnoll barely misses you.
The gnoll hits you from afar with a spear.
The gnoll barely misses you.
The gnoll hits you but does no damage. x2
The gnoll completely misses you.
Your plate armour prevents you from hitting the gnoll.
You slash the gnoll!
The gnoll hits you from afar with a halberd.
* * * LOW HITPOINT WARNING * * *
The gnoll hits you but does no damage. The gnoll barely misses you.
The gnoll hits you but does no damage.
Your shield and plate armour prevent you from hitting the gnoll.
You completely miss the gnoll.
Your white imp hits the gnoll.
Your white imp freezes the gnoll.
The gnoll hits you from afar with a halberd!
* * * LOW HITPOINT WARNING * * *
The gnoll hits you but does no damage.
The gnoll closely misses your white imp.
The gnoll hits you from afar with a spear.
You die...

##...#.............
............####.#.##
##...#.#.............
.#<..#.#.........#.###
..............##...###
......................
.#..........#.##...####
.......................
...##......#..##@5..##
.#.##......#..##gg..#
.#.##...........gg..#
.#.# ..#......##....#
...# ......##....#
.####. ...... .....#
....... ...##. .......
.......


You could see 4 gnolls and a friendly white imp.

Vanquished Creatures
  2 adders (D:3)
  2 leopard geckos
  An orc (D:3)
  2 ball pythons (D:2)
  2 giant cockroaches (D:1)
  6 goblins
  6 hobgoblins
  5 quokkas
  4 bats
  2 frilled lizards
  2 kobolds
  9 rats
43 creatures vanquished.

Notes
Turn   | Place    | Note
-------+----------+-------------------------------------------
     0 | D:1      | Mirai the Demonspawn Fighter began the quest for the Orb.
     0 | D:1      | Reached XP level 1. HP: 18/18 MP: 1/1
   210 | D:1      | Gained mutation: You are slightly more attuned to the shadows. [demonic ancestry]
   210 | D:1      | Reached XP level 2. HP: 23/24 MP: 2/2
   852 | D:2      | Gained mutation: A weak demonic guardian rushes to your aid. [demonic ancestry]
   852 | D:2      | Reached XP level 3. HP: 25/29 MP: 3/3
  1021 | D:2      | Found a basalt altar of Yredelemnul.
  1191 | D:2      | Found a blossoming altar of Fedhas.
  1238 | D:2      | Found a radiant altar of Vehumet.
  1331 | D:3      | Reached skill level 1 in Dodging
  1806 | D:3      | Found a shattered altar of Ashenzari.
  1997 | D:3      | HP: 1/29 [gnoll/halberd (8)]
  1997 | D:3      | Slain by a gnoll

Skill      XL: |  1  2  3 |
---------------+----------+-----
Axes           | 2 |  2.8
Armour         | 3 |  3.1
Dodging        | 1 |  1.2
Fighting       | |  3.3
Shields        | |  2.6

Action                   || total
-------------------------++-------
Melee: War axe           ||   201
  Use: Potion            ||     1
  Eat: Chunk             ||     4
Armor: Scale mail        ||    61
       Plate armour      ||    46
Dodge: Dodged            ||    65
Block: Shield            ||    93
